 Dungeon Crawl Stone Soup version 0.28-a0-683-ga8797d1ae1 (webtiles) character file.

Game seed: 12728494673699768145

363 lawman0 the Ruffian (level 6, -17/59 HPs)
             Began as a Troll Fighter on Oct 18, 2021.
             Killed from afar by Ijyb (22 damage)
             ... with a bolt of acid
             ... on level 4 of the Dungeon.
             The game lasted 00:03:46 (2867 turns).

lawman0 the Ruffian (Troll Fighter)                 Turns: 2867, Time: 00:03:47

Health: -17/59     AC:  4    Str: 26    XL:     6   Next: 39%
Magic:  0/5        EV:  8    Int:  5    God:
Gold:   119        SH:  7    Dex:  9    Spells: 5/5 levels left

rFire   . . .      SeeInvis .     - Unarmed
rCold   . . .      Faith    .   b - +0 kite shield
rNeg    . . .      Spirit   +   a - +0 robe
rPois   .          Reflect  .   (helmet restricted)
rElec   .          Harm     .   (no cloak)
rCorr   .          Rampage  .   (gloves unavailable)
Will    .....                   (boots unavailable)
Stlth   +.........              m - amulet of guardian spirit
HPRegen 1.19/turn               i - +4 ring of protection
MPRegen 0.09/turn               (no ring)

@: mighty, brilliant, corroded
A: large, unfitting armour, claws 3, regeneration 1, shaggy fur 1, tough skin 1
a: no special abilities


You were on level 4 of the Dungeon.
You visited 1 branch of the dungeon, and saw 4 of its levels.

You collected 119 gold pieces.

Inventory:

Missiles
 e - a throwing net
 n - 2 silver javelins
 t - 18 poisoned darts (quivered)
Armour
 a - a +0 robe (worn)
 b - a +0 kite shield (worn)
Jewellery
 i - a +4 ring of protection (left claw)
 m - an amulet of guardian spirit (around neck)
Scrolls
 d - a scroll of magic mapping
 f - a scroll of summoning {unknown}
 g - 2 scrolls of identify {unknown}
 h - a scroll of acquirement {unknown}
 j - 2 scrolls of teleportation {unknown}
 k - 2 scrolls of fear {unknown}
 s - a scroll of amnesia {unknown}
Potions
 l - a potion of mutation {unknown}
 o - a potion of lignification {unknown}
 p - a potion of curing {unknown}
 r - a potion of flight {unknown}


   Skills:
 + Level 2.7 Fighting
 + Level 3.2 Dodging
 * Level 3.4 Shields
 * Level 5.3 Unarmed Combat


You had 5 spell levels left.
You didn't know any spells.
Your spell library contained the following spells:

 Spells                   Type           Power      Damage    Failure   Level
 Pain                     Necr           0%         1d4       87%         1
 Sublimation of Blood     Necr           0%         N/A       95%         2
 Call Canine Familiar     Summ           0%         N/A       99%         3
 Portal Projectile        Hex/Tloc       0%         N/A       99%         3
 Leda's Liquefaction      Hex/Erth       0%         N/A       100%        4
 Petrify                  Tmut/Erth      0%         N/A       100%        4
 Agony                    Necr           0%         N/A       100%        5
 Excruciating Wounds      Necr           0%         N/A       100%        5
 Irradiate                Conj/Tmut      0%         3d13      100%        5


Dungeon Overview and Level Annotations

Branches:
Dungeon (4/15)
 Temple: D:4-7

Altars:
Elyvilon
Zin

Annotations:
D:4 Ijyb


Innate Abilities, Weirdness & Mutations

You are too large for most types of armour.
You have claws for hands.
Your natural rate of healing is unusually fast.
You are covered in fur. (AC +1)
You have tough skin. (AC +1)


Message History

An adder is nearby!
You claw the adder!
You kill the adder!
A kobold comes into view.
It is wielding a +0 club and quivering poisoned darts.
The kobold shouts!
The kobold hits you with a +0 club.
A kobold is nearby!
You mangle the kobold!!
You kill the kobold!
No target in view!
t - 19 poisoned darts (gained 4)
You see here a +0 club.
No target in view!
Ijyb the Twisted Goblin comes into view.
She is wielding a +0 dagger and carrying a wand of acid (8).
Ijyb zaps a wand.
The bolt of acid hits you!!
Ouch! That really hurt!
The acid corrodes you!
You are too injured to fight recklessly!
Ijyb is nearby!
You are too injured to fight recklessly!
You are too injured to fight recklessly!
Ijyb is nearby!
Throw: 19 darts (poison)
Press: ? - help, Q - select action, (/) - cycle Shift-Dir - straight line, f - Ijyb
Aim: Ijyb, wielding a +0 dagger, wearing a +0 leather armour and carrying a wand of acid (7) (45% to hit)
You throw a poisoned dart. The poisoned dart closely misses Ijyb.
Ijyb screams, "Me very upset!"
You feel very mighty all of a sudden.
Ijyb zaps a wand.
The bolt of acid hits you!!
* * * LOW HITPOINT WARNING * * *
Ijyb hits you with a +0 dagger.
* * * LOW HITPOINT WARNING * * *
You claw Ijyb!
Ijyb is heavily wounded.
Ijyb hits you with a +0 dagger.
* * * LOW HITPOINT WARNING * * *
It was a potion of brilliance.
You feel clever all of a sudden.
Ijyb zaps a wand.
The bolt of acid hits you!!
You die...

,****,,,,,,,,,####...##.##.......
** **,,,,,,,** ###.###.######.##
* **,,,,,** #.......# #.## *
**,,,** #.####### #.# **+** #.#
#.# *****,* #.# #.# *,,,,,* #.#
#.## *,***.#######.# #...
*,**,.....(g@.# #.##
*****,*,,...####### #...
,,,,,,,,,,,** #.## *****,,,,,**
#.## *****,* #.#. *,* #... *,*
#### *,* *,*


You could see Ijyb.

Vanquished Creatures
  A phantom (D:4)
  A jelly (D:3)
  A hound (D:4)
  An orc wizard (D:3)
  9 adders
  6 worms
  3 dart slugs
  3 orcs (D:3)
  9 ball pythons
  9 endoplasms
  2 giant cockroaches
  4 goblins
  7 hobgoblins
  18 jackals
  6 kobolds
  3 quokkas
  6 bats
  3 frilled lizards
  5 rats
97 creatures vanquished.

Notes
Turn   | Place    | Note
-------+----------+-------------------------------------------
     0 | D:1      | lawman0 the Troll Fighter began the quest for the Orb.
     0 | D:1      | Reached XP level 1. HP: 22/22 MP: 0/0
   157 | D:1      | Reached XP level 2. HP: 29/29 MP: 1/1
   582 | D:1      | Found a faded altar of an unknown god.
  1040 | D:2      | Reached XP level 3. HP: 36/36 MP: 2/2
  1147 | D:2      | Reached skill level 3 in Unarmed Combat
  1261 | D:2      | Reached XP level 4. HP: 44/44 MP: 3/3
  1426 | D:2      | Found a glowing silver altar of Zin.
  2019 | D:3      | Reached XP level 5. HP: 50/50 MP: 2/4
  2245 | D:3      | Reached skill level 4 in Unarmed Combat
  2432 | D:4      | Found a white marble altar of Elyvilon.
  2699 | D:4      | Noticed a phantom
  2706 | D:4      | Killed a phantom
  2707 | D:4      | Reached skill level 5 in Unarmed Combat
  2707 | D:4      | Reached XP level 6. HP: 59/59 MP: 5/5
  2862 | D:4      | Noticed Ijyb
  2867 | D:4      | Killed from afar by Ijyb

Illustrated notes

Levels and vault maps discovered:
D:1:      dpeg_arrival_tiny_k, layout_basic, hellmonk_ecumenical_altar_run_dry,
          serial_forest, infiniplex_forest_lined_3, infiniplex_forest_end_3,
          infiniplex_forest_lined_room_, infiniplex_forest_clump_small,
          infiniplex_forest_lined_2, infiniplex_forest_end_1,
          infiniplex_forest_lined_2, infiniplex_forest_clump_tiny,
          minmay_misc_feat_roman
D:2:      layout_rooms, basic_altar, minmay_tromino_i4
D:3:      layout_loops_ring, st_stairs_5, corexii_leaking_fountain,
          grunt_ministairs_1
D:4:      layout_loops_corners, lemuel_round_altar,
          chequers_temple_overflow_statue_of_worship, uniq_eustachio,
          uniq_sigmund, uniq_ijyb

Skill      XL: |  1  2  3  4  5 |
---------------+----------------+-----
Unarmed Combat | 3 5 |  5.3
Dodging        | 3 |  3.2
Shields        | 3 |  3.4
Fighting       | |  2.7

Action                   |  1- 3 |  4- 6 || total
-------------------------+-------+-------++-------
Melee: Unarmed           |   139 |   165 ||   304
Throw: Javelin           |       |     2 ||     2
       Throwing net      |       |     1 ||     1
       Dart              |       |     2 ||     2
  Use: Scroll            |       |     1 ||     1
       Potion            |       |     2 ||     2
 Stab: Sleeping          |       |     1 ||     1
Armor: Robe              |    71 |   115 ||   186
Dodge: Dodged            |    58 |    75 ||   133
Block: Kite shield       |    60 |    78 ||   138

Table legend: (Time is in decaauts)
 A = Elapsed time spent in this place.
 B = Non-inter-level travel time spent in this place.
 C = Inter-level travel time spent in this place.
 D = Time resting spent in this place.
 E = Time spent auto-exploring this place.
 F = Levels seen in this place.
 G = Mean time per level.
                   A        B        C        D        E       F      G
               +--------+--------+--------+--------+--------+-----+--------+
         Total |   2911 |   2801 |    110 |      0 |   2128 |   4 |  727.8 |
       Dungeon |   2911 |   2801 |    110 |      0 |   2128 |   4 |  727.8 |
               +--------+--------+--------+--------+--------+-----+--------+

Top non-repeatable levels by time:
     D:1: 1045 daAuts
     D:3: 710 daAuts
     D:2: 627 daAuts
     D:4: 528 daAuts
